AoeStats
← LivreChene790

Arabia

506882762Analyzed
1v1 RM · 17d ago on Sep 15, 2026· 22m 16s· 2 players
Game mode
Random Map
Map size
Tiny (2 player)
Population
200
Speed
Normal
Resources
Standard
Victory
Conquest
Starting age
Dark Age
Ending age
Imperial Age
RankedLock teamsTeams togetherTeam positionsShared explorationLock speedFull tech treeHidden civsTurbo modeCheats
Victory
Defeat
🇨🇴 Britons · Colombia
986
+14
🇫🇷 Mongols · France
953
-14
LivreChene790
9:44 Feudal Age
10:33 Double-Bit Axe
12:05 Man-at-Arms
23:08 Castle Age
[CORP] Benja1998
8:06 Loom
10:27 Feudal Age
13:57 Fletching
14:07 Padded Archer Armor
21:17 Horse Collar
22:54 Wheelbarrow
Connection lost

Rejoining the realm…

Still unreachable

The connection could not be restored.

Session expired

The server has moved on; the page needs a fresh start.